 Dungeon Crawl Stone Soup version 0.21-a0-442-g848f44b (webtiles) character file.

39 torrenera the Chiller (level 3, 0/26 HPs)
             Began as a Demonspawn Ice Elementalist on Nov 15, 2017.
             Succumbed to an adder's poison
             ... on level 2 of the Dungeon.
             The game lasted 00:03:09 (1369 turns).

torrenera the Chiller (Demonspawn Ice Elementalist) Turns: 1369, Time: 00:03:10

Health: 0/26       AC:  4    Str:  8    XL:     3   Next: 28%
Magic:  0/6        EV: 12    Int: 17    God:
Gold:   36         SH:  0    Dex: 13    Spells: 5/6 levels left

rFire    . . .     SeeInvis .   o - +0 falchion (flame)
rCold    . . .     Gourm    .   (no shield)
rNeg     . . .     Faith    .   a - +0 robe
rPois    .         Spirit   +   (no helmet)
rElec    .         Reflect  .   (no cloak)
rCorr    .         Harm     .   (no gloves)
MR       .....                  j - +1 pair of boots
Stlth    ++........             (no amulet)
HPRegen  0.08/turn              (no ring)
MPRegen  0.10/turn              (no ring)

@: lethally poisoned (0 -> -9)
A: magic shield, rot immunity
a: no special abilities


You were on level 2 of the Dungeon.
You were not hungry.

You visited 1 branch of the dungeon, and saw 2 of its levels.

You collected 36 gold pieces.

Inventory:

Hand Weapons
 o - a +0 falchion of flaming (weapon)
Missiles
 d - 11 poisoned needles
 i - a stone (quivered)
Armour
 a - a +0 robe (worn)
 j - a +1 pair of boots (worn)
Jewellery
 f - an uncursed amulet of harm {unknown}
Scrolls
 g - a scroll of teleportation {unknown}
 k - 2 scrolls of remove curse {unknown}
 m - 2 scrolls of magic mapping {unknown}
Potions
 e - 2 potions of agility {unknown}
Books
 b - a book of Frost

   Spells                             Type                      Level
   a - Freeze                         Ice                          1
   b - Throw Frost                    Conjuration/Ice              2
   c - Ozocubu's Armour               Charms/Ice                   3
   d - Throw Icicle                   Conjuration/Ice              4
   e - Summon Ice Beast               Ice/Summoning                4
Comestibles
 c - 3 bread rations
 h - a royal jelly
 l - 9 chunks of flesh


   Skills:
 - Level 1.0 Fighting
 * Level 0.3 Long Blades
 - Level 1.7 Dodging
 - Level 1.7 Stealth
 - Level 2.0 Spellcasting
   Level 1.0 Conjurations
 + Level 3.7 Ice Magic


You had 5 spell levels left.
You knew the following spells:

 Your Spells              Type           Power        Failure   Level  Hunger
a - Freeze                Ice            ##..         4%          1    #......


Dungeon Overview and Level Annotations

Branches:
Dungeon (2/15)

Altars:


Innate Abilities, Weirdness & Mutations

When hurt, damage is shared between your health and your magic reserves.
You are immune to rotting.


Message History

You hit the hobgoblin. You burn the hobgoblin.
The hobgoblin is heavily wounded.
You feel sick. The hobgoblin barely misses you.
You barely miss the hobgoblin.
The hobgoblin is heavily wounded.
* * * LOW HITPOINT WARNING * * *
You feel sick. The hobgoblin closely misses you.
You closely miss the hobgoblin.
The hobgoblin is heavily wounded.
* * * LOW HITPOINT WARNING * * *
You feel sick. The hobgoblin hits you with a club.
* * * LOW HITPOINT WARNING * * *
Casting: Freeze
Confirm with . or Enter, or press ? or * to list all spells.
Aiming: Freeze
Press: ? - help, Shift-Dir - straight line, f - hobgoblin
Aim: a hobgoblin, wielding a club (heavily wounded)
You freeze the hobgoblin.
You kill the hobgoblin!
You die...

#.## #... # #..# #. .$.
####.###.#
.........#######
#........)..#
#....)...%...
#..#.@#####.## # #..#..#
... . #..#..# #.##.#
#..#..###8.8#.#
#..#.?#....... #..#..#.#
.8#
########..#....##.######
#....<..................
#.######..............##


There were no monsters in sight!

Vanquished Creatures
  An adder (D:2)
  An ooze (D:1)
  A dart slug (D:1)
  A leopard gecko (D:1)
  A giant cockroach (D:1)
  5 hobgoblins
  2 jackals (D:2)
  A quokka (D:2)
  A ball python (D:1)
  2 bats (D:1)
  2 frilled lizards
  2 goblins (D:1)
  A kobold (D:1)
  3 rats
24 creatures vanquished.

Notes
Turn   | Place    | Note
-------+----------+-------------------------------------------
     0 | D:1      | torrenera the Demonspawn Ice Elementalist began the quest for the Orb.
     0 | D:1      | Reached XP level 1. HP: 13/13 MP: 3/3
   619 | D:1      | Reached skill level 3 in Ice Magic
   624 | D:1      | Gained mutation: You are immune to rotting. [demonic ancestry]
   624 | D:1      | Reached XP level 2. HP: 20/20 MP: 0/5
  1101 | D:1      | Reached skill level 1 in Fighting
  1335 | D:2      | Gained mutation: When hurt, damage is shared between your health and your magic reserves. [demonic ancestry]
  1335 | D:2      | Reached XP level 3. HP: 15/26 MP: 6/6
  1368 | D:2      | HP: 1/26 [hobgoblin/club (5)]
  1369 | D:2      | Succumbed to an adder's poison

Vault maps used:
D:1:      ncdulo_lavacross
D:2:      first_bread, minmay_misc_feat_columns, small_statue_intersection

Skill      XL: |  1  2 |
---------------+-------+-----
Ice Magic      | 3 |  3.7
Fighting       | 1 |  1.0
Long Blades    | |  0.3
Dodging        | |  1.7
Stealth        | |  1.7
Spellcasting   | |  2.0
Conjurations   | |  1.0

Action                   || total
-------------------------++-------
Melee: Unarmed           ||     5
       Falchion          ||    19
 Cast: Freeze            ||    36
  Eat: Chunk             ||     2
Armor: Robe              ||     8
Dodge: Dodged            ||    30
       Rpst.: Falchion   ||     7

Table legend:
 A = Spawn XP
 B = Non-spawn XP
 C = Spawn XP percentage of total XP
 D = Spawn monster count
 E = Non-spawn monster count
 F = Spawn count percentage of total count
 G = Total turns spent on level
                    A         B        C        D         E        F      G
               +---------+---------+-------+---------+---------+-------+---------
         Total |       0 |      57 |   0.0 |       0 |      24 |   0.0 |  1369
               +---------+---------+-------+---------+---------+-------+---------
           D:1 |       0 |      32 |   0.0 |       0 |      16 |   0.0 |  1305
           D:2 |       0 |      25 |   0.0 |       0 |       8 |   0.0 |    64
               +---------+---------+-------+---------+---------+-------+---------
